 Dungeon Crawl Stone Soup version 0.18.1-47-g9310371 (webtiles) character file.

3547 Jerry the Covert (level 9, -1/57 HPs)
             Began as a Vampire Enchanter on June 9, 2016.
             Was a Follower of Kikubaaqudgha.
             Slain by a two-headed ogre
             ... wielding a +0 giant club
              (21 damage)
             ... on level 8 of the Dungeon on June 13, 2016.
             The game lasted 00:54:06 (10953 turns).

Jerry the Covert (Vampire Enchanter)               Turns: 10953, Time: 00:54:06

Health: -1/57      AC: 10    Str:  7    XL:     9   Next: 83%
Magic:  0/12       EV: 13    Int: 20    God:    Kikubaaqudgha [*.....]
Gold:   412        SH:  0    Dex: 17    Spells: 5 memorised, 3 levels left

rFire  . . .     SeeInvis +     w - +5 short sword
rCold  + + .     Gourm    .     b - +1 robe
rNeg   + + +     Faith    .     (no shield)
rPois  +         Spirit   .     z - +0 helmet of Free Expression {MR+ Int+2}
rElec  .         Dismiss  .     m - +0 cloak
rCorr  .         Reflect  .     J - +1 pair of gloves
SustAt .         Harm     .     g - +2 pair of boots
MR     +....                    (no amulet)
Stlth  ++++++....               I - ring of positive energy
                                G - ring of protection from cold

@: very slightly contaminated, regenerating slowly, somewhat resistant to
hostile enchantments, very stealthy
A: fangs 3, see invisible, unbreathing
a: Bat Form, Receive Corpses, Renounce Religion


You were on level 8 of the Dungeon.
You worshipped Kikubaaqudgha.
Kikubaaqudgha was aware of your devotion.
You were thirsty.

You visited 2 branches of the dungeon, and saw 9 of its levels.

You collected 412 gold pieces.

Inventory:

Hand Weapons
 w - a +5 short sword (weapon)
Armour
 b - a +1 robe (worn)
 g - a +2 pair of boots (worn)
 m - a +0 cloak (worn)
 z - the +0 helmet of Free Expression (worn) {MR+ Int+2}
   (You took it off Robin on level 4 of the Dungeon)

   It affects your intelligence (+2).
   It affects your resistance to hostile enchantments.
 J - a +1 pair of gloves (worn)
Magical Staves
 u - an uncursed staff of poison
Jewellery
 d - an uncursed ring of protection from magic {unknown}
 x - an uncursed ring of resist corrosion
 D - an uncursed ring of sustain attributes
 G - a ring of protection from cold (left hand)
 I - a ring of positive energy (right hand)
Wands
 r - a wand of acid (8/15)
 B - a wand of acid (9/15)
 E - a wand of iceblast (11/15)
Scrolls
 a - a scroll of enchant armour
 e - 3 scrolls of enchant weapon
 h - 3 scrolls of fog
 k - 3 scrolls of teleportation
 l - a scroll of recharging
 n - 3 scrolls of noise
 y - a scroll of magic mapping
 F - 3 scrolls of remove curse
 O - a scroll of identify {unknown}
Potions
 f - a potion of brilliance
 i - a potion of might {unknown}
 j - a potion of mutation {unknown}
 p - 5 potions of flight
 q - 3 potions of heal wounds {unknown}
 s - a potion of beneficial mutation {unknown}
 t - 5 potions of curing
 v - 2 potions of agility {unknown}
 C - 2 potions of lignification {unknown}
 H - a potion of haste {unknown}
 K - a potion of cure mutation {unknown}
 L - a potion of invisibility {unknown}
 M - 6 potions of blood
Books
 c - a book of Maledictions

   Spells                             Type                      Level
   a - Corona                         Hexes                        1
   b - Ensorcelled Hibernation        Hexes/Ice                    2
   c - Confuse                        Hexes                        3
   d - Tukima's Dance                 Hexes                        3
   e - Dazzling Spray                 Conjuration/Hexes            3
 o - Kikubaaqudgha's Disquisition on Necromancy
   (Kikubaaqudgha gifted it to you on level 6 of the Dungeon)

   Spells                             Type                      Level
   a - Animate Skeleton               Necromancy                   1
   b - Corpse Rot                     Necromancy                   2
   c - Sublimation of Blood           Necromancy                   2
   d - Vampiric Draining              Necromancy                   3
   e - Control Undead                 Necromancy                   4
 A - a book of the Tempests

   Spells                             Type                      Level
   a - Static Discharge               Conjuration/Air              3
   b - Lightning Bolt                 Conjuration/Air              5
   c - Fireball                       Conjuration/Fire             5
   d - Tornado                        Air                          9
   e - Shatter                        Earth                        9
 N - a book of Clouds

   Spells                             Type                      Level
   a - Mephitic Cloud                 Conjuration/Poison/Air       3
   b - Conjure Flame                  Conjuration/Fire             3
   c - Poisonous Cloud                Conjuration/Poison/Air       6
   d - Freezing Cloud                 Conjuration/Ice/Air          6
   e - Ring of Flames                 Charms/Fire                  7


   Skills:
 - Level 5.0 Short Blades
 + Level 8.9 Dodging
 + Level 11.6 Stealth
 + Level 2.5 Spellcasting
 - Level 7.5 Hexes
 + Level 7.2 Necromancy


You had 3 spell levels left.
You knew the following spells:

 Your Spells              Type           Power        Failure   Level  Hunger
a - Corona                Hex            ####...      1%          1    None
b - Confuse               Hex            ####....     1%          3    ###....
c - Tukima's Dance        Hex            ####....     1%          3    ###....
d - Sublimation of Blood  Necr           ####......   1%          2    ##.....
e - Animate Skeleton      Necr           N/A          1%          1    None


Dungeon Overview and Level Annotations

Branches:
Dungeon (8/15)             Temple (1/1) D:5
   Lair: D:8-11

Altars:
Ashenzari
Cheibriados
Dithmenos
Elyvilon
Fedhas
Gozag
Kikubaaqudgha
Makhleb
Nemelex Xobeh
Okawaru
Pakellas
Qazlal
Ru
Sif Muna
Trog
Vehumet
Xom
Yredelemnul
Zin
The Shining One

Shops:
D:6 *}

Annotations:
D:3 Gargoyl's ghost, amateur DsAK
D:8 Dickchan's ghost, novice OgBe


Innate Abilities, Weirdness & Mutations

You heal slowly.
You have razor-sharp teeth.
You have supernaturally acute eyesight.
You can survive without breathing.


Message History

Aim: a two-headed ogre, wielding two giant clubs (chance to defeat MR: 43%)
The two-headed ogre resists with some effort.
Casting: Confuse
Confirm with . or Enter, or press ? or * to list all spells.
Aiming: Confuse
Press: ? - help, Shift-Dir - straight line, f/p - two-headed ogre
Aim: a two-headed ogre, wielding two giant clubs (chance to defeat MR: 43%)
The two-headed ogre resists with some effort.
The two-headed ogre hits you with a giant club!
The two-headed ogre closely misses you.
Casting: Confuse
Confirm with . or Enter, or press ? or * to list all spells.
Aiming: Confuse
Press: ? - help, Shift-Dir - straight line, f/p - two-headed ogre
Aim: a two-headed ogre, wielding two giant clubs (chance to defeat MR: 43%)
The two-headed ogre resists with some effort.
The two-headed ogre hits you with a giant club!
The two-headed ogre hits you with a giant club!!
You die...
Kikubaaqudgha rasps: "You have failed me!
Welcome... oblivion!"

#.# ##.##
#.###..>## #
#.##.....##
#####.#.......####
....#.#..o.......#
###.#.#.......##)#
..>..........# #.#
.........oo.## #.#
.....#..##o## #@#
###..#..#...####O#
#.....o..O.....#
###.###.#..o####.#
.o...
#.#..)....... ####
#.#.######.#.
#.#.# #.# ... ..#
#[..


You could see a two-headed ogre.

Vanquished Creatures
  The ghost of Genou the Skirmisher, an amateur DsFi (D:5)
  A water moccasin (D:6)
  A sky beast (D:8)
  An ice beast (D:5)
  2 orc warriors (D:6)
  3 ogres
  A necrophage (D:7)
  2 phantoms
  A big kobold (D:4)
  5 giant frogs
  5 scorpions
  10 killer bees
  A howler monkey (D:5)
  3 crimson imps
  A centaur zombie (D:5)
  3 hounds
  2 jellies
  5 orc priests
  3 centaur skeletons (D:7)
  A giant frog skeleton (D:5)
  5 orc wizards
  3 iguanas
  8 worker ants
  A killer bee zombie (D:8)
  Robin (D:4)
  4 gnolls (D:6)
  16 adders
  3 shadow imps
  2 oozes
  3 worms
  3 dart slugs
  7 giant geckos
  25 orcs
  8 giant cockroaches
  18 goblins
  7 hobgoblins
  8 jackals
  A quokka (D:4)
  3 ball pythons
  A ball python skeleton (D:4)
  7 bats
  8 giant newts
  A jackal zombie (D:5)
  5 kobolds (D:1)
  A rat (D:1)
201 creatures vanquished.

Vanquished Creatures (collateral kills)
  An orc (D:3)
1 creature vanquished.

Vanquished Creatures (others)
  3 dancing weapons
3 creatures vanquished.

Grand Total: 205 creatures vanquished

Notes
Turn   | Place    | Note
--------------------------------------------------------------
     0 | D:1      | Jerry the Vampire Enchanter began the quest for the Orb.
     0 | D:1      | Reached XP level 1. HP: 13/13 MP: 3/3
   174 | D:1      | Reached XP level 2. HP: 13/19 MP: 1/5
   217 | D:1      | Reached skill level 5 in Stealth
   637 | D:1      | Reached XP level 3. HP: 23/24 MP: 6/6
  1725 | D:2      | Reached skill level 5 in Hexes
  1725 | D:2      | Reached XP level 4. HP: 30/30 MP: 7/7
  1743 | D:2      | Learned a level 3 spell: Confuse
  1747 | D:2      | Learned a level 3 spell: Tukima's Dance
  2845 | D:3      | Reached XP level 5. HP: 25/35 MP: 8/8
  3161 | D:3      | Noticed Gargoyl's ghost (amateur DsAK)
  3717 | D:4      | Reached XP level 6. HP: 41/41 MP: 9/9
  3732 | D:4      | Noticed Robin
  3762 | D:4      | Killed Robin
  3829 | D:4      | Got a spiked helmet
  3843 | D:4      | Identified the +0 helmet of Free Expression {MR+ Int+2} (You took it off Robin on level 4 of the Dungeon)
  4820 | D:4      | Found a glowing golden altar of the Shining One.
  4953 | D:5      | Entered Level 5 of the Dungeon
  4978 | D:5      | Reached XP level 7. HP: 46/46 MP: 10/10
  5035 | D:5      | Reached skill level 5 in Dodging
  5039 | D:5      | Found a staircase to the Ecumenical Temple.
  5062 | Temple   | Entered the Ecumenical Temple
  5107 | Temple   | Upgraded the game from 0.18.1-8-gdd0e5ea to 0.18.1-47-g9310371
  5127 | Temple   | Became a worshipper of Kikubaaqudgha
  5188 | D:5      | Reached skill level 5 in Short Blades
  5239 | D:5      | Reached skill level 1 in Necromancy
  5298 | D:5      | Noticed Genou's ghost (amateur DsFi)
  5649 | D:5      | Killed Genou's ghost
  5649 | D:5      | Reached skill level 6 in Stealth
  5792 | D:5      | Reached XP level 8. HP: 52/52 MP: 11/11
  5816 | D:5      | Reached skill level 7 in Stealth
  6319 | D:6      | Reached skill level 8 in Stealth
  6386 | D:6      | Found Qemuh's Gadget Emporium.
  6596 | D:6      | Got a twisted ring mail
  6617 | D:6      | Identified the cursed +0 ring mail "Aduryemm" {*Corrode rC+ Str+4 SInv} (You found it on level 6 of the Dungeon)
  6662 | D:6      | Found a shimmering altar of Xom.
  6721 | D:6      | Found Lixej's Serpentskin Sales.
  6742 | D:6      | Reached skill level 9 in Stealth
  6775 | D:6      | Reached * piety under Kikubaaqudgha
  6775 | D:6      | Received a gift from Kikubaaqudgha
  6793 | D:6      | Reached skill level 5 in Necromancy
  6807 | D:6      | Identified Kikubaaqudgha's Disquisition on Necromancy (Kikubaaqudgha gifted it to you on level 6 of the Dungeon)
  6813 | D:6      | Learned a level 2 spell: Sublimation of Blood
  6815 | D:6      | Learned a level 1 spell: Animate Skeleton
  7708 | D:6      | Reached XP level 9. HP: 57/57 MP: 12/12
  8174 | D:6      | Reached skill level 10 in Stealth
  9092 | D:7      | Found a shimmering altar of Xom.
  9093 | D:7      | Found a snail-covered altar of Cheibriados.
  9136 | D:7      | Found a deep blue altar of Sif Muna.
  9410 | D:7      | Reached skill level 11 in Stealth
  9870 | D:7      | Found a bloodstained altar of Trog.
  9875 | D:7      | Found a glowing silver altar of Zin.
  9879 | D:7      | Found an iron altar of Okawaru.
 10753 | D:8      | Noticed Dickchan's ghost (novice OgBe)
 10953 | D:8      | Slain by a two-headed ogre

Skill      XL: |  1  2  3  4  5  6  7  8  9 |
---------------+----------------------------+-----
Stealth        | 5 6 9 11 | 11.6
Short Blades   | 2 3 4 5 |  5.0
Dodging        | 3 4 6 7 8 |  8.9
Hexes          | 5 6 7 |  7.5
Necromancy     | 2 5 7 |  7.2
Spellcasting   | |  2.5

Action                   |  1- 3 |  4- 6 |  7- 9 || total
-------------------------+-------+-------+-------++-------
Melee: Dagger            |   151 |    67 |       ||   218
       Bite              |     6 |    26 |    46 ||    78
       Staff             |       |    98 |       ||    98
       Short sword       |       |   118 |   476 ||   594
 Cast: Corona            |    15 |    18 |     8 ||    41
       Tukima's Dance    |       |     7 |     3 ||    10
       Confuse           |       |     2 |    33 ||    35
  Use: Scroll            |       |       |     9 ||     9
       Potion            |       |       |     4 ||     4
 Stab: Sleeping          |     9 |    12 |    17 ||    38
       Confused          |       |     1 |    16 ||    17
  Eat: Corpse            |     6 |    10 |     9 ||    25
Armor: Robe              |    38 |    61 |    89 ||   188
Dodge: Dodged            |    87 |   185 |   311 ||   583
